 Seeded DCSS version 0.31-a0-219-g8d62b2e7bb (webtiles) character file.

Game seed: 13275427502194390118 (custom seed)

2224 rocky1 the Carver (level 9, -1/55 (64) HPs)
             Began as a Merfolk Brigand on July 4, 2023.
             Slain by a wight
             ... wielding a +2 spear
              (10 damage)
             ... on level 6 of the Dungeon.
             The game lasted 00:27:00 (9567 turns).

rocky1 the Carver (Merfolk Brigand)                 Turns: 9567, Time: 00:27:00

HP:   -1/55 (64)    AC:  6    Str: 18    XL:     9   Next: 35%
MP:   19/19         EV: 14    Int: 10    God:
Gold: 404           SH:  0    Dex: 17    Spells: 11/21 levels left

rFire   + . .        g - +7 Throatcutter {drain, coup de grace}
rCold   + . .        (no shield)
rNeg    . . .        p - +0 robe {rC+ rF+}
rPois   .            (helmet restricted)
rElec   .            c - +0 cloak
rCorr   .            (no gloves)
SInv    .            x - +2 pair of boots
Will    .....        (no amulet)
Stlth   ++++         f - +6 ring of strength
HPRegen 0.29/turn    (no ring)
MPRegen 0.16/turn

%: no passive effects
@: hasted, heavily drained, very quick
A: (nimble swimmer 2), mertail, claws 1, horns 1, dopey 1, subdued magic 1
a: no special abilities


You were on level 6 of the Dungeon.
You visited 1 branch of the dungeon, and saw 6 of its levels.
You also visited: Sewer.

You collected 404 gold pieces.

Inventory:

Hand Weapons
 a - a +2 heavy dagger
 g - the +7 Throatcutter (weapon) {drain, coup de grace}
   (You found it on level 6 of the Dungeon)
Missiles
 d - 20 poisoned darts
 e - 3 curare-tipped darts (quivered)
 i - 3 boomerangs
 k - 4 javelins
Armour
 c - a +0 cloak (worn)
 l - a +1 helmet
 p - a +0 robe of resistance (worn)
 x - a +2 pair of boots (worn)
Jewellery
 f - a +6 ring of strength (left claw)
 E - a ring of wizardry
Wands
 m - a wand of polymorph (5)
 u - a wand of acid (14)
 B - a wand of charming (9)
Scrolls
 h - a scroll of identify
 j - a scroll of fear
 r - 2 scrolls of teleportation
Potions
 b - a potion of enlightenment
 n - 3 potions of resistance
 o - 2 potions of curing
 q - a potion of brilliance
 t - 2 potions of lignification {unknown}
 z - a potion of attraction
 A - a potion of haste
 D - a potion of might


   Skills:
 + Level 3.4 Fighting
 - Level 2.4(6.8) Short Blades
 * Level 10.0(10.1) Long Blades
 - Level 2.0 Throwing
 - Level 3.9 Dodging
 - Level 8.2 Stealth
 * Level 6.7 Spellcasting
 + Level 7.9 Ice Magic
 * Level 2.3 Poison Magic


You had 11 spell levels left.
You knew the following spells:

 Your Spells              Type           Power      Damage    Failure   Level
a - Ozocubu's Armour      Ice            14%        N/A       1%          3
b - Olgreb's Toxic Radia  Pois           6%         N/A       54%         4
c - Frozen Ramparts       Ice            28%        1d5       1%          3

Your spell library contained the following spells:

 Spells                   Type           Power      Damage    Failure   Level
 Lesser Beckoning         Tloc           4%         N/A       24%         2
 Ice Form                 Ice/Tmut       8%         N/A       32%         4
 Summon Ice Beast         Ice/Summ       8%         N/A       32%         4
 Dazzling Flash           Conj/Hex       4%         N/A       45%         3
 Gell's Gravitas          Tloc           2%         N/A       45%         3
 Teleport Other           Tloc           2%         N/A       45%         3
 Volatile Blastmotes      Fire/Tloc      4%         2d10      45%         3
 Metabolic Englaciation   Hex/Ice        4%         N/A       67%         5
 Iskenderun's Mystic Bla  Conj/Tloc      2%         2d3       86%         4
 Simulacrum               Ice/Necr       4%         N/A       99%         6
 Ozocubu's Refrigeration  Ice            7%         4d9       99%         7
 Starburst                Conj/Fire      1%         6d3       100%        6
 Discord                  Hex            1%         N/A       100%        8
 Ignition                 Fire           1%         3d3       100%        8
 Polar Vortex             Ice            7%         N/A       100%        9


Dungeon Overview and Level Annotations

Branches:
Dungeon (6/15)             Temple (0/1) D:4           Sewer (visited)

Altars:
Fedhas
Hepliaklqana
Makhleb
Nemelex Xobeh
Okawaru
The Shining One

Shops:
D:1 :==[   D:5 !


Innate Abilities, Weirdness & Mutations

((You are very nimble when in or above water. (Stealth+, EV+, Speed+++)))
Your lower body shifts to a powerful aquatic tail in water.
You have sharp fingernails.
You have a pair of small horns on your head.
You are dopey. (Int -2)
Your spells are a little easier to cast, but a little less powerful.


Message History

You destroy the wight!
The wight hits you with a +2 spear.
Things that are here:
a +0 flail; a +0 robe; a scroll of identify You barely miss the wight.
The wight hits you with a +2 spear. The wight barely misses you.
You hit the wight but do no damage.
The wight hits you with a +1 long sword of freezing.
You feel drained. The wight hits you with a +2 spear.
You hit the wight.
You headbutt the wight, but do no damage.
The wight is moderately damaged.
The wight attacks as you move away! The wight hits you with a +2 spear!
You feel drained.
The wight hits you from afar with a +2 spear!
You feel drained.
You are too injured to fight recklessly!
There is an escape hatch in the floor here.
There is an open door here.
The wight completely misses you.
Okay, then.
Okay, then.
You closely miss the wight. You headbutt the wight.
The wight is heavily damaged.
The wight hits you with a +5 halberd!
You feel drained. The wight hits you but does no damage.
The wight hits you with a +1 long sword of freezing!
* * * LOW HITPOINT WARNING * * *
Unknown command.
You can't see any enemies this would affect, really read the scroll of fear?
Okay, then.
Okay, then.
You feel yourself speed up. The wight hits you with a +2 spear.
* * * LOW HITPOINT WARNING * * *
You feel drained.
* * * LOW HITPOINT WARNING * * *
The wight completely misses you. The wight closely misses you.
Unknown command.
The wight closely misses you. The wight hits you with a +2 spear!
You die...

......##....)...#............####
......##........####.........#...
#####'##........####.........#.##
#....#........................#
###....#....##........####......#
..)....#.....#........# #......#
.......#.....####.....# #......#
...##)##.....##.z...#.########+##
............>.z.@...+......>##.#
#####.###....##z....#...######.#
..#..........##.....#.##.......#
♣.#[...##...z####......+.......#
.......##...)# #..###.##......##
♣.#....##....###......##......#
..#....).....##.......##......#
###......#####........#########
.........# #.#......########


You could see 3 wights.

Vanquished Creatures
  Prince Ribbit (D:5)
  A water moccasin (D:6)
  An ice beast (D:5)
  A black bear (D:4)
  3 ogres
  2 phantoms
  A kobold brigand (Sewer)
  4 scorpions
  A wight (D:6)
  2 jellies (D:6)
  3 electric eels (D:6)
  2 orc priests
  2 sleepcaps
  Jessica (D:2)
  An iguana (D:5)
  2 orc wizards (D:4)
  Natasha (thrice) (D:2)
  A river rat (D:4)
  12 adders
  A white imp (D:4)
  2 worms
  8 dart slugs
  11 orcs
  11 bats
  5 endoplasms
  6 giant cockroaches
  6 goblins
  4 hobgoblins
  2 jackals (D:2)
  4 quokkas
  5 ball pythons
  2 frilled lizards
  15 kobolds
  8 rats
134 creatures vanquished.

Vanquished Creatures (others)
  2 orcs (D:6)
2 creatures vanquished.

Grand Total: 136 creatures vanquished

Notes
Turn   | Place    | Note
-------+----------+-------------------------------------------
     0 | D:1      | rocky1 the Merfolk Brigand began the quest for the Orb.
     0 | D:1      | Reached XP level 1. HP: 16/16 MP: 1/1
    10 | D:1      | Found Onlezats's Jewellery Emporium.
   175 | D:1      | Found Zyuqykanwy's Book Shop.
   229 | D:1      | Found Obocek's Jewellery Boutique.
   299 | D:1      | Reached XP level 2. HP: 19/22 MP: 2/2
   305 | D:1      | Found Saufiugh's Armour Emporium.
   431 | D:1      | Reached skill level 5 in Stealth
   746 | D:2      | Noticed Jessica
   749 | D:2      | Killed Jessica
   750 | D:2      | Reached skill level 2 in Long Blades
   750 | D:2      | Reached XP level 3. HP: 23/28 MP: 3/3
   929 | D:2      | Noticed Natasha
   957 | D:2      | Killed Natasha
   958 | D:2      | Reached XP level 4. HP: 8/34 MP: 4/4
  1216 | D:2      | Noticed Natasha
  1238 | D:2      | Killed Natasha
  1287 | D:2      | Noticed Natasha
  1297 | D:2      | Killed Natasha
  1298 | D:2      | Reached skill level 3 in Long Blades
  1298 | D:2      | Reached XP level 5. HP: 40/41 MP: 5/5
  2016 | D:2      | Found a faded altar of an unknown god.
  2240 | D:2      | Found a glowing golden altar of the Shining One.
  2319 | D:2      | Learned a level 3 spell: Ozocubu's Armour
  3754 | D:3      | You fall into a shaft and drop 1 floor!
  3756 | D:4      | Found a glowing drain.
  3770 | Sewer    | Entered a sewer
  3873 | Sewer    | Reached skill level 4 in Long Blades
  3898 | Sewer    | Reached XP level 6. HP: 47/47 MP: 6/6
  3953 | Sewer    | Gained mutation: Your muscles are strong. (Str +4, Int/Dex
                  | -1) [potion of mutation]
  3953 | Sewer    | Gained mutation: You are somewhat resistant to further
                  | mutation. [potion of mutation]
  3954 | Sewer    | Lost mutation: You are somewhat resistant to further
                  | mutation. [potion of mutation]
  3954 | Sewer    | Lost mutation: Your muscles are strong. (Str +4, Int/Dex
                  | -1) [potion of mutation]
  3954 | Sewer    | Gained mutation: You occasionally lose the ability to read
                  | scrolls when taking damage. [potion of mutation]
  3955 | Sewer    | Lost mutation: You occasionally lose the ability to read
                  | scrolls when taking damage. [potion of mutation]
  3955 | Sewer    | Gained mutation: Your spells are a little easier to cast,
                  | but a little less powerful. [potion of mutation]
  3955 | Sewer    | Gained mutation: You expend magic power (3 MP) to
                  | strengthen your wands. [potion of mutation]
  3955 | Sewer    | Gained mutation: You have sharp fingernails. [potion of
                  | mutation]
  3956 | Sewer    | Lost mutation: Your spells are a little easier to cast, but
                  | a little less powerful. [potion of mutation]
  3956 | Sewer    | Lost mutation: You expend magic power (3 MP) to strengthen
                  | your wands. [potion of mutation]
  3956 | Sewer    | Gained mutation: Your spells are a little easier to cast,
                  | but a little less powerful. [potion of mutation]
  3956 | Sewer    | Gained mutation: You are dopey. (Int -2) [potion of
                  | mutation]
  3956 | Sewer    | Gained mutation: You have a pair of small horns on your
                  | head. [potion of mutation]
  4028 | Sewer    | Reached skill level 1 in Spellcasting
  4028 | Sewer    | Reached skill level 1 in Ice Magic
  4566 | Sewer    | Reached skill level 9 in Long Blades
  4566 | Sewer    | Reached XP level 7. HP: 52/52 MP: 7/16
  5011 | D:4      | Found a staircase to the Ecumenical Temple.
  5096 | D:4      | Found a blossoming altar of Fedhas.
  5914 | D:4      | Reached XP level 8. HP: 42/58 MP: 17/17
  7112 | D:5      | Entered Level 5 of the Dungeon
  7359 | D:3      | Found a sparkling altar of Nemelex Xobeh.
  7586 | D:5      | Found Goteusie's Distillery.
  7666 | D:5      | Learned a level 4 spell: Olgreb's Toxic Radiance
  8041 | D:5      | Found a hazy altar of Hepliaklqana.
  8205 | D:5      | Found a burning altar of Makhleb.
  8224 | D:5      | Noticed Prince Ribbit
  8246 | D:5      | Killed Prince Ribbit
  8247 | D:5      | Reached skill level 1 in Poison Magic
  8809 | D:5      | Learned a level 3 spell: Frozen Ramparts
  8913 | D:6      | Found the +7 Throatcutter {drain, coup de grace}
  8995 | D:6      | Reached XP level 9. HP: 42/63 MP: 18/18
  9007 | D:6      | Found an iron altar of Okawaru.
  9269 | D:6      | Reached skill level 10 in Long Blades
  9567 | D:6      | Slain by a wight

Illustrated notes

Levels and vault maps discovered:
D:1:      erik_arrival_blinker_ship, layout_loops_ring, serial_shops, shop,
          shop, shop, nicolae_shop_rolling_square
D:2:      layout_rooms, ebering_ecumenical_altar_hall, basic_altar,
          uniq_natasha, uniq_jessica
D:3:      layout_loops_ring, mainiacjoe_overflow_cross_hatched
D:4:      layout_basic, fedhas_altar_2, minmay_temple_entry_ruins,
          cheibrodos_sewer_entry_sluice, grunt_ministairs_14,
          kennysheep_cross_room
D:5:      layout_loops_ring, mainiacjoe_overflow_catwalk_spiral, serial_shops,
          shop_fountains, uniq_prince_ribbit1
D:6:      kennysheep_slugbush, layout_basic, kennysheep_little_box,
          kennysheep_mini_moat

Skill      XL: |  1  2  3  4  5  6  7  8  9 |
---------------+----------------------------+-----
Stealth        | 5 7 8 |  8.2
Long Blades    | 2 3 4 9 10 | 10.0
Dodging        | 2 3 |  3.9
Fighting       | 3 |  3.4
Spellcasting   | 6 |  6.7
Ice Magic      | 7 |  7.9
Poison Magic   | 1 2 |  2.3
Short Blades   | |  2.4
Throwing       | |  2.0

Action                     |  1- 3 |  4- 6 |  7- 9 || total
---------------------------+-------+-------+-------++-------
  Melee: Dagger            |    64 |   151 |   213 ||   428
         Unarmed           |       |     5 |       ||     5
         Tailslap          |       |     6 |     2 ||     8
         Headbutt          |       |     6 |    48 ||    54
         Punch             |       |       |     9 ||     9
         Long sword        |       |       |    42 ||    42
  Throw: Dart              |     3 |     3 |     5 ||    11
         Boomerang         |       |    24 |       ||    24
   Cast: Ozocubu's Armour  |       |       |     2 ||     2
    Use: Scroll            |       |     5 |     7 ||    12
         Potion            |       |     9 |     8 ||    17
   Stab: Sleeping          |     3 |    10 |    16 ||    29
         Distracted        |       |       |     2 ||     2
 Armour: Robe              |    20 |    33 |    42 ||    95
  Dodge: Dodged            |    45 |   111 |   138 ||   294

Table legend: (Time is in decaauts)
 A = Elapsed time spent in this place.
 B = Non-inter-level travel time spent in this place.
 C = Inter-level travel time spent in this place.
 D = Time resting spent in this place.
 E = Time spent auto-exploring this place.
 F = Levels seen in this place.
 G = Mean time per level.
                   A        B        C        D        E       F      G
               +--------+--------+--------+--------+--------+-----+--------+
         Total |   9390 |   9030 |    360 |   4367 |   3107 |   7 | 1341.4 |
       Dungeon |   8353 |   7993 |    360 |   3730 |   3068 |   6 | 1392.2 |
         Sewer |   1037 |   1037 |      0 |    637 |     39 |   1 | 1037.0 |
               +--------+--------+--------+--------+--------+-----+--------+

Top non-repeatable levels by time:
     D:4: 2256 daAuts
     D:2: 2179 daAuts
     D:5: 1372 daAuts
     D:3: 1133 daAuts
   Sewer: 1037 daAuts
     D:1: 741 daAuts
     D:6: 670 daAuts
